 Dungeon Crawl Stone Soup version 0.19-a0-684-gf760df0 (webtiles) character file.

22551 LittleJoe the Cleaver (level 12, -5/106 HPs)
             Began as a Minotaur Fighter on June 18, 2016.
             Was a High Priest of Okawaru.
             Slain by an ice beast (14 damage)
             ... summoned by an ice statue
             ... in an ice cave.
             The game lasted 00:40:40 (14100 turns).

LittleJoe the Cleaver (Minotaur Fighter)           Turns: 14100, Time: 00:40:41

Health: -5/106     AC: 18    Str: 28    XL:     12   Next: 64%
Magic:  18/18      EV: 11    Int:  9    God:    Okawaru [*****.]
Gold:   789        SH: 13    Dex: 11    Spells: 1 memorised, 19 levels left

rFire  + . .     SeeInvis +     U - +9 broad axe (flame)
rCold  . . .     Gourm    .     k - +2 plate armour
rNeg   . . .     Faith    .     c - +0 shield
rPois  +         Spirit   .     (helmet restricted)
rElec  .         Dismiss  .     e - +0 cloak {rPois}
rCorr  .         Reflect  .     (no gloves)
SustAt .         Harm     .     (no boots)
MR     .....                    (no amulet)
Stlth  ..........               B - ring of Coronation {*Drain +Blink Str+3 Int+4 SInv}
                                A - ring of protection from fire

@: not resistant to hostile enchantments, extremely unstealthy
A: retaliatory headbutt, horns 2
a: Heroism, Finesse, Renounce Religion, Evoke Blink


You were in an ice cave.
You worshipped Okawaru.
Okawaru was extremely pleased with you.
You were not hungry.

You visited 3 branches of the dungeon, and saw 15 of its levels.
You also visited: Ice Cave.

You collected 789 gold pieces.

Inventory:

Hand Weapons
 U - a +9 broad axe of flaming (weapon)
Armour
 c - a +0 shield (worn)
 e - a +0 cloak of poison resistance (worn)
 k - a +2 plate armour (worn)
Jewellery
 d - an uncursed amulet of the gourmand {unknown}
 A - a ring of protection from fire (left hand)
 B - the ring of Coronation (right hand) {*Drain +Blink Str+3 Int+4 SInv}
   (You found it on level 5 of the Dungeon)

   [ring of strength]

   It affects your strength (+3).
   It affects your intelligence (+4).
   It lets you see invisible.
   It lets you blink.
   It causes draining when unequipped.
Wands
 a - a wand of flame (30/48)
 m - a wand of slowing (22/48)
 o - a wand of lightning (7/15)
 w - a wand of confusion (31/48)
 y - a wand of lightning (12/15)
 J - a wand of lightning (6/15)
 P - a wand of heal wounds (5/9)
Scrolls
 n - 2 scrolls of blinking
 r - 6 scrolls of teleportation
 s - 3 scrolls of recharging
 v - 5 scrolls of fog
 x - a scroll of amnesia
 z - a scroll of identify
 K - 2 scrolls of fear
 L - a scroll of immolation
 N - 3 scrolls of remove curse
 R - a scroll of holy word
Potions
 b - a potion of ambrosia
 h - a potion of flight
 i - a potion of cancellation
 l - 4 potions of curing
 p - a potion of resistance
 u - 4 potions of lignification
 D - a potion of haste {unknown}
 M - a potion of berserk rage {unknown}
Comestibles
 f - 10 bread rations
 g - a beef jerky
 j - 2 royal jellies
 q - 5 meat rations
 G - 9 slices of pizza


   Skills:
 + Level 10.2 Fighting
 * Level 13.2 Axes
 + Level 10.9 Armour
 + Level 8.9 Dodging
 + Level 10.8 Shields
 + Level 5.2 Spellcasting


You had 19 spell levels left.
You knew the following spells:

 Your Spells              Type           Power        Failure   Level  Hunger
a - Passwall              Tmut/Erth      #.........   100%        2    ##.....


Dungeon Overview and Level Annotations

Branches:
Dungeon (10/15)            Temple (1/1) D:5            Lair (4/6) D:9
  Swamp (0/4) Lair:2       Spider (0/4) Lair:2
    Orc: D:9-12

Altars:
Ashenzari
Cheibriados
Dithmenos
Elyvilon
Fedhas
Gozag
Hepliaklqana
Kikubaaqudgha
Makhleb
Nemelex Xobeh
Okawaru
Pakellas
Qazlal
Ru
Sif Muna
Trog
Uskayaw
Vehumet
Xom
Yredelemnul
Zin
The Shining One

Shops:
D:5 =   D:7 (?=   D:10 }

Annotations:
IceCv exclusion: 2 ice statues


Innate Abilities, Weirdness & Mutations

You reflexively headbutt those who attack you in melee.
You have a pair of horns on your head.


Message History

Unknown command.
You slash the ice beast!
You melt the ice beast.
You kill the ice beast!
You hit the ice statue but do no damage.
The ice statue is heavily damaged.
Unknown command.
You hit the ice statue but do no damage.
The ice statue is heavily damaged.
The ice statue gestures at you. The freezing blast engulfs you!
Unknown command.
You slash the ice statue!
You melt the ice statue!
You headbutt the ice statue.
The ice statue is almost destroyed.
You are engulfed in freezing vapours.
* * * LOW HITPOINT WARNING * * *
The ice statue gestures.
The ice beast hits you.
* * * LOW HITPOINT WARNING * * *
The ice beast freezes you!
You die...

##....# ##.....#
#......8 #### #......##
######..## #......§###
##..##....#
##.....§§§§###..........
#......§§§..#.......∩.∩.
#...§§YY§##....##.......
#....§§@####..#####....#
##..§§§§8# #### ##..##
##.#§#### #### ####


You could see 2 ice statues and 2 ice beasts.

Vanquished Creatures
  2 hydras
  Urug (Lair:2)
  Nergalle (Lair:2)
  An unseen horror (D:10)
  Pikel (D:8)
  2 griffons
  2 black mambas
  Psyche (D:8)
  5 spiny frogs
  4 komodo dragons
  An ice devil (IceCv)
  2 trolls
  13 blink frogs
  A redback (Lair:2)
  15 yaks
  Sigmund (D:4)
  A human (D:7)
  2 hogs (D:7)
  Eustachio (D:4)
  5 hippogriffs
  Grum (D:8)
  A mottled dragon (D:10)
  4 water moccasins
  Duvessa (D:5)
  4 slaves (D:8)
  3 porcupines
  3 ice beasts
  2 sky beasts
  2 black bears
  A phantom (D:5)
  4 ogres
  2 orc warriors
  13 wolves
  3 centaurs
  8 crocodiles
  9 giant frogs
  Dowan (D:5)
  A scorpion (D:10)
  15 killer bees
  8 wights (D:8)
  3 electric eels (Lair:3)
  13 howler monkeys
  2 crimson imps
  A giant frog zombie (D:5)
  A quasit (D:5)
  A centaur zombie (D:5)
  2 jellies
  A wasp zombie (D:9)
  4 orc priests
  5 hounds
  5 orc wizards
  Ijyb (D:3)
  Jessica (D:3)
  2 giant frog skeletons
  Terence (D:3)
  3 iguanas
  9 worker ants
  A killer bee zombie (D:8)
  2 sheep (D:7)
  2 hound skeletons (D:10)
  2 worker ant zombies
  7 adders
  41 river rats
  8 white imps (IceCv)
  2 ufetubi (IceCv)
  An ooze (D:3)
  2 adder skeletons
  A worm (D:2)
  3 dart slugs
  6 giant geckos
  21 orcs
  8 giant cockroaches
  6 goblins
  5 hobgoblins
  18 jackals
  7 kobolds
  A quokka (D:6)
  7 bats
  A giant gecko skeleton (D:7)
  A giant gecko zombie (D:6)
  2 giant newts
  A jackal zombie (D:5)
  A quokka skeleton (D:4)
  9 rats
  2 fungi
  A plant (Lair:3)
372 creatures vanquished.

Vanquished Creatures (others)
  A centaur zombie (D:5)
  2 white imps (IceCv)
  An ufetubus (IceCv)
  2 butterflies (D:5)
  A fungus (Lair:3)
  A plant (Lair:3)
8 creatures vanquished.

Grand Total: 380 creatures vanquished

Notes
Turn   | Place    | Note
--------------------------------------------------------------
     0 | D:1      | LittleJoe the Minotaur Fighter began the quest for the Orb.
     0 | D:1      | Reached XP level 1. HP: 19/19 MP: 0/0
   125 | D:1      | Reached XP level 2. HP: 27/27 MP: 1/1
   774 | D:2      | Reached skill level 3 in Axes
   774 | D:2      | Reached XP level 3. HP: 28/33 MP: 2/2
   870 | D:2      | Found a sparkling altar of Nemelex Xobeh.
   970 | D:2      | Found a hazy altar of Hepliaklqana.
  1219 | D:2      | Reached skill level 1 in Dodging
  1411 | D:3      | Noticed Ijyb
  1421 | D:3      | Killed Ijyb
  1421 | D:3      | Reached XP level 4. HP: 40/40 MP: 3/3
  1447 | D:3      | Noticed Jessica
  1454 | D:3      | Killed Jessica
  1851 | D:3      | Found a sacrificial altar of Ru.
  1854 | D:3      | Found a basalt altar of Yredelemnul.
  1857 | D:3      | Found an oddly glowing altar of Pakellas.
  1950 | D:3      | Reached XP level 5. HP: 36/46 MP: 5/5
  2066 | D:3      | Found an oddly glowing altar of Pakellas.
  2084 | D:3      | Noticed Terence
  2094 | D:3      | Killed Terence
  2157 | D:3      | Reached skill level 4 in Axes
  2430 | D:4      | Noticed Sigmund
  2430 | D:4      | Noticed Eustachio
  2442 | D:4      | Killed Sigmund
  2442 | D:4      | Reached skill level 1 in Spellcasting
  2442 | D:4      | Reached XP level 6. HP: 50/53 MP: 6/6
  2447 | D:4      | Killed Eustachio
  2447 | D:4      | Reached skill level 5 in Axes
  2473 | D:4      | Reached skill level 5 in Shields
  2503 | D:4      | Reached skill level 5 in Armour
  2503 | D:4      | Reached XP level 7. HP: 60/60 MP: 8/8
  2625 | D:4      | Found a stormy altar of Qazlal.
  2739 | D:4      | Reached skill level 5 in Fighting
  2888 | D:4      | Found an iron altar of Okawaru.
  2907 | D:4      | Became a worshipper of Warmaster Okawaru
  2957 | D:5      | Entered Level 5 of the Dungeon
  2993 | D:5      | Found Qyakorch's Jewellery Shoppe.
  3067 | D:5      | Found a staircase to the Ecumenical Temple.
  3079 | Temple   | Entered the Ecumenical Temple
  3178 | D:5      | Reached skill level 6 in Axes
  3362 | D:5      | Reached XP level 8. HP: 66/68 MP: 10/10
  3426 | D:5      | Got a vibrating gossamer ring
  3427 | D:5      | Identified the ring of Coronation {*Drain +Blink Str+3 Int+4 SInv} (You found it on level 5 of the Dungeon)
  3471 | D:5      | Noticed Duvessa
  3472 | D:5      | Noticed Dowan
  3479 | D:5      | Killed Duvessa
  3487 | D:5      | Killed Dowan
  3538 | D:5      | Reached * piety under Okawaru
  3818 | D:5      | Reached skill level 7 in Axes
  3939 | D:5      | Found a radiant altar of Vehumet.
  4803 | D:7      | Found an iron altar of Okawaru.
  4821 | D:7      | Reached XP level 9. HP: 73/75 MP: 11/11
  4857 | D:7      | Reached skill level 5 in Dodging
  4892 | D:7      | Reached ** piety under Okawaru
  4910 | D:7      | Found Gonkello's Magic Scroll Boutique.
  4915 | D:7      | Reached skill level 8 in Axes
  5080 | D:7      | Found Cigaos's Antique Weapon Shop.
  5349 | D:7      | Found a deep blue altar of Sif Muna.
  5387 | D:7      | Found a shadowy altar of Dithmenos.
  5506 | D:7      | Found Lifuram's Jewellery Shop.
  5811 | D:8      | Reached skill level 9 in Axes
  5929 | D:8      | Reached *** piety under Okawaru
  6112 | D:8      | Reached XP level 10. HP: 79/86 MP: 14/14
  6314 | D:8      | Noticed Grum
  6315 | D:8      | Noticed Psyche
  6318 | D:8      | Noticed Pikel
  6328 | D:8      | Killed Psyche
  6344 | D:8      | Killed Pikel
  6344 | D:8      | Reached **** piety under Okawaru
  6348 | D:8      | Killed Grum
  6579 | D:8      | Got a fine rapier
  6585 | D:8      | Identified the cursed +1 rapier "Sorphish" {venom, *Rage rPois rF+} (You found it on level 8 of the Dungeon)
  6750 | D:9      | Reached skill level 10 in Axes
  6978 | D:9      | Found a shadowy altar of Dithmenos.
  7207 | D:9      | Found a staircase to the Lair.
  7862 | D:10     | Entered Level 10 of the Dungeon
  8077 | D:10     | Found a shimmering altar of Xom.
  8230 | D:10     | Reached ***** piety under Okawaru
  8313 | D:10     | Reached XP level 11. HP: 52/94 MP: 16/16
  8802 | D:10     | Found Puilugapp's Gadget Emporium.
  8894 | D:10     | Noticed an unseen horror
  8897 | D:10     | Killed an unseen horror
  8897 | D:10     | Reached skill level 11 in Axes
  8919 | D:10     | Received a gift from Okawaru
  8963 | Lair:1   | Entered Level 1 of the Lair of Beasts
  9503 | Lair:1   | Received a gift from Okawaru
  9576 | Lair:1   | Reached skill level 12 in Axes
 10038 | Lair:1   | Reached skill level 10 in Armour
 10342 | Lair:2   | Learned a level 2 spell: Passwall
 10348 | Lair:2   | Noticed Nergalle
 10351 | Lair:2   | Noticed a spectral orc warlord
 10373 | Lair:2   | Killed Nergalle
 10633 | Lair:2   | Reached XP level 12. HP: 58/105 MP: 17/17
 10634 | Lair:2   | Reached skill level 10 in Shields
 10964 | Lair:2   | Noticed Urug
 10980 | Lair:2   | Killed Urug
 11292 | Lair:2   | Found a hole to the Spider Nest.
 11472 | Lair:2   | Found a staircase to the Swamp.
 11706 | Lair:3   | Reached ****** piety under Okawaru
 11706 | Lair:3   | Received a gift from Okawaru
 12448 | Lair:3   | HP: 5/106 [electric eel/bolt of electricity (14)]
 12681 | Lair:3   | Noticed a five-headed hydra
 12696 | Lair:3   | Killed a two-headed hydra
 12696 | Lair:3   | Reached skill level 5 in Spellcasting
 12838 | Lair:3   | Reached skill level 13 in Axes
 13622 | Lair:4   | Reached skill level 10 in Fighting
 13661 | Lair:4   | Found a frozen archway.
 13776 | Lair:4   | Noticed a four-headed hydra
 13787 | Lair:4   | Killed a one-headed hydra
 13864 | IceCv    | Entered an ice cave
 14100 | IceCv    | Slain by an ice beast

Vault maps used:
D:1:      dpeg_arrival_pits
D:2:      lemuel_crystal_altar, lemuel_coloured_pillars_altar
D:3:      grunt_temple_overflow_diamond, grunt_pakellas_basics, uniq_terence,
          uniq_jessica, uniq_iyjb
D:4:      lemuel_crystal_altar, kennysheep_little_box, uniq_sigmund,
          uniq_eustachio
D:5:      fiery_altar_vehumet, minmay_temple_entry_butterflies, first_bread,
          serial_shops, nicolae_shop_crystal, uniq_duvessa
D:7:      kennysheep_mini, grunt_dithmenos_smoke, serial_shops, shop,
          nicolae_shop_trees, shop, minmay_misc_feat_five, grunt_livestock,
          okawaru_ov_weapons_minmay
D:8:      uniq_psyche, uniq_pikel, uniq_grum
D:9:      due_lair_maze_entry_diamond, basic_altar
D:10:     serial_shops, nicolae_shop_temple_entry_statues_fountains, tgw_xom
Temple:   circular_temple_12
Lair:1:   beast_lair_carwin_7, grunt_megastairs_1, lemuel_fruit_fields
Lair:2:   minmay_swamp_entry_worms, spider_nest_entry_webs, uniq_urug,
          uniq_nergalle
Lair:3:   serial_bayou_shore_a, grunt_megastairs_5, infiniplex_staircase_pool
Lair:4:   portal_ice_cave_entry_pillars_2
IceCv:    ice_cave_small_demon

Skill      XL: |  1  2  3  4  5  6  7  8  9 10 11 12 |
---------------+-------------------------------------+-----
Shields        | 4 5 6 7 8 9 10 | 10.8
Axes           | 3 4 5 6 7 9 10 12 13 | 13.2
Fighting       | 4 5 6 7 8 9 10 | 10.2
Dodging        | 1 2 3 4 5 7 8 |  8.9
Armour         | 4 5 6 7 9 10 | 10.9
Spellcasting   | 1 2 3 4 5 |  5.2

Action                   |  1- 3 |  4- 6 |  7- 9 | 10-12 || total
-------------------------+-------+-------+-------+-------++-------
Melee: War axe           |   105 |    90 |   294 |   323 ||   812
       Headbutt          |    10 |    10 |    70 |   125 ||   215
       Broad axe         |       |       |       |   253 ||   253
Invok: Heroism           |       |       |     1 |     2 ||     3
       Finesse           |       |       |       |     1 ||     1
  Use: Scroll            |     8 |     3 |     9 |    16 ||    36
       Potion            |       |     2 |       |     8 ||    10
 Stab: Invisible         |       |     1 |       |       ||     1
  Eat: Chunk             |     2 |     4 |    11 |    16 ||    33
       Fruit             |       |       |       |     9 ||     9
       Beef jerky        |       |       |       |     2 ||     2
Armor: Scale mail        |    25 |       |       |       ||    25
       Chain mail        |    29 |    45 |    42 |       ||   116
       Plate armour      |       |       |    85 |   281 ||   366
Dodge: Dodged            |    41 |    26 |    82 |   216 ||   365
Block: Shield            |    65 |    49 |   161 |   385 ||   660
